2816 views
Uploaded 2021-03-21 16:52:11
Game version 1.32.9
7:51 long 4on4 ladder game on (8)MarketSquare
Saved by BaDitO2
2816 views
Uploaded 2021-03-21 16:52:11
Game version 1.32.9
7:51 long 4on4 ladder game on (8)MarketSquare


75 units @ 8k
/ 0.4k
36 buildings @ 5.5k
/ 1.5k

| Scroll of Regeneration | 2 | 200 |
| total: | 2 | 200g |
| Peasant | 10 | 750 | / | 0 |
| Footman | 12 | 1620 | / | 0 |
| total: | 22 | 2370g | / | 0w |
| Altar of Kings | 1 | 180 | / | 50 |
| Farm | 6 | 480 | / | 120 |
| Barracks | 2 | 320 | / | 120 |
| Arcane Vault | 1 | 130 | / | 30 |
| Blacksmith | 1 | 140 | / | 60 |
| Keep | 1 | 320 | / | 210 |
| total: | 11 | 1250g | / | 380w |
| 0:05 | Peasant |
| 0:05 | Peasant |
| 0:11 | Altar of Kings |
| 0:29 | Farm |
| 0:32 | Barracks |
| 0:34 | Peasant |
| 0:50 | Peasant |
| 0:55 | Farm |
| 1:12 | Peasant |
| 1:17 | Peasant |
| 1:43 | Footman |
| 1:47 | Peasant |
| 1:47 | Peasant |
| 1:48 | Peasant |
| 1:48 | Peasant |
| 1:52 | Farm |
| 1:59 | Barracks |
| 2:20 | Footman |
| 2:24 | Farm |
| 2:31 | Arcane Vault |
| 2:36 | Flame Strike |
| 3:18 | Farm |
| 3:20 | Defend |
| 3:21 | Footman |
| 3:43 | Footman |
| 3:45 | Footman |
| 3:53 | Scroll of Regeneration |
| 4:01 | Farm |
| 4:43 | Siphon Mana |
| 4:49 | Footman |
| 4:49 | Footman |
| 5:05 | Footman |
| 5:14 | Scroll of Regeneration |
| 5:23 | Footman |
| 5:41 | Footman |
| 6:15 | Footman |
| 6:31 | Footman |
| 7:05 | Keep |
| 7:17 | Blacksmith |
| Right click | 357 |
| Chat | 161 |
| Select | 109 |
| Select group | 91 |
| Build/train/purchase | 44 |
| Misc. action | 23 |
| Assign group | 19 |
| Use ability | 11 |
| Esc | 3 |

| Sacrificial Skull | 1 | 50 |
| total: | 1 | 50g |
| Acolyte | 7 | 525 | / | 0 |
| Ghoul | 2 | 240 | / | 0 |
| Crypt Fiend | 6 | 1290 | / | 240 |
| total: | 15 | 2055g | / | 240w |
| Nerubian Tower | 1 | 100 | / | 20 |
| Spirit Tower | 1 | 145 | / | 40 |
| Crypt | 1 | 200 | / | 50 |
| Graveyard | 1 | 215 | / | 0 |
| Ziggurat | 5 | 750 | / | 250 |
| Altar of Darkness | 1 | 180 | / | 50 |
| Tomb of Relics | 1 | 130 | / | 30 |
| Necropolis | 1 | 225 | / | 0 |
| Halls of the Dead | 1 | 320 | / | 210 |
| total: | 10 | 1700g | / | 380w |
| 0:06 | Acolyte |
| 0:06 | Acolyte |
| 0:16 | Crypt |
| 0:20 | Graveyard |
| 0:28 | Ziggurat |
| 0:55 | Altar of Darkness |
| 1:15 | Ziggurat |
| 1:20 | Ghoul |
| 1:38 | Tomb of Relics |
| 1:49 | Ghoul |
| 2:09 | Crypt Fiend |
| 2:29 | Crypt Fiend |
| 2:58 | Crypt Fiend |
| 3:14 | Acolyte |
| 3:19 | Carrion Beetles |
| 3:26 | Sacrificial Skull |
| 3:31 | Crypt Fiend |
| 4:20 | Ziggurat |
| 4:25 | Necropolis |
| 4:50 | Halls of the Dead |
| 4:58 | Impale |
| 5:07 | Ziggurat |
| 5:22 | Crypt Fiend |
| 5:42 | Ziggurat |
| 5:44 | Nerubian Tower |
| 6:03 | Impale |
| 6:48 | Acolyte |
| 6:48 | Acolyte |
| 6:49 | Acolyte |
| 6:49 | Acolyte |
| 6:51 | Spirit Tower |
| 6:54 | Crypt Fiend |
| Select | 106 |
| Right click | 98 |
| Assign group | 28 |
| Select group | 27 |
| Build/train/purchase | 25 |
| Misc. action | 12 |
| Chat | 4 |
| Use ability | 3 |

| Wisp | 14 | 840 | / | 0 |
| Archer | 10 | 1300 | / | 100 |
| total: | 24 | 2140g | / | 100w |
| Altar of Elders | 1 | 180 | / | 50 |
| Moon Well | 4 | 720 | / | 160 |
| Ancient of War | 2 | 300 | / | 120 |
| Tree of Ages | 1 | 320 | / | 180 |
| total: | 7 | 1200g | / | 330w |
| 0:03 | Wisp |
| 0:03 | Wisp |
| 0:13 | Altar of Elders |
| 0:14 | Moon Well |
| 0:28 | Ancient of War |
| 0:32 | Wisp |
| 0:33 | Wisp |
| 0:44 | Wisp |
| 0:44 | Wisp |
| 0:44 | Wisp |
| 0:50 | Wisp |
| 1:06 | Wisp |
| 1:07 | Wisp |
| 1:08 | Wisp |
| 1:08 | Wisp |
| 1:08 | Wisp |
| 1:32 | Archer |
| 1:40 | Moon Well |
| 2:01 | Ancient of War |
| 2:03 | Wisp |
| 2:13 | Force of Nature |
| 2:33 | Moon Well |
| 2:35 | Archer |
| 2:51 | Archer |
| 3:01 | Moon Well |
| 3:27 | Archer |
| 3:51 | Archer |
| 4:30 | Tree of Ages |
| 4:37 | Archer |
| 5:17 | Entangling Roots |
| 5:24 | Archer |
| 5:43 | Archer |
| 6:07 | Archer |
| 6:20 | Archer |
| 7:07 | Improved Bows |
| Right click | 358 |
| Select group | 122 |
| Select | 109 |
| Misc. action | 53 |
| Assign group | 47 |
| Build/train/purchase | 34 |
| Chat | 15 |
| Use ability | 11 |

| Lesser Clarity Potion | 1 | 70 |
| Scroll of Town Portal | 1 | 350 |
| total: | 2 | 420g |
| Peon | 9 | 675 | / | 0 |
| Grunt | 1 | 200 | / | 0 |
| Troll Headhunter | 4 | 560 | / | 80 |
| total: | 14 | 1435g | / | 80w |
| Orc Burrow | 3 | 480 | / | 120 |
| Altar of Storms | 1 | 180 | / | 50 |
| Barracks | 1 | 180 | / | 50 |
| War Mill | 1 | 205 | / | 0 |
| Voodoo Lounge | 1 | 130 | / | 30 |
| Tauren Totem | 1 | 135 | / | 155 |
| Stronghold | 1 | 315 | / | 190 |
| Fortress | 2 | 650 | / | 380 |
| total: | 8 | 1310g | / | 405w |
| 0:07 | Peon |
| 0:07 | Peon |
| 0:21 | Orc Burrow |
| 0:37 | Altar of Storms |
| 0:40 | Peon |
| 0:40 | Peon |
| 0:46 | Peon |
| 1:11 | Barracks |
| 1:13 | Peon |
| 1:22 | Peon |
| 1:54 | Peon |
| 1:56 | Orc Burrow |
| 2:11 | Peon |
| 2:18 | War Mill |
| 2:51 | Grunt |
| 2:57 | Serpent Ward |
| 3:13 | Voodoo Lounge |
| 3:34 | Troll Headhunter |
| 3:34 | Troll Headhunter |
| 3:50 | Steel Armor |
| 3:52 | Troll Headhunter |
| 4:30 | Stronghold |
| 4:34 | Hex |
| 4:50 | Steel Ranged Weapons |
| 4:53 | Troll Headhunter |
| 6:14 | Spiked Barricades |
| 6:28 | Orc Burrow |
| 6:53 | Fortress |
| 7:41 | Tauren Totem |
| 7:42 | Lesser Clarity Potion |
| 7:44 | Scroll of Town Portal |
| Right click | 299 |
| Select | 165 |
| Chat | 57 |
| Build/train/purchase | 29 |
| Use ability | 17 |
| Minimap ping | 7 |
| Resource trade | 4 |
67 units @ 7.6k
/ 0.5k
41 buildings @ 6.1k
/ 1.7k

| Peasant | 5 | 375 | / | 0 |
| Rifleman | 7 | 1435 | / | 210 |
| total: | 12 | 1810g | / | 210w |
| Scout Tower | 2 | 60 | / | 40 |
| Blacksmith | 1 | 140 | / | 60 |
| Altar of Kings | 1 | 180 | / | 50 |
| Barracks | 1 | 160 | / | 60 |
| Farm | 6 | 480 | / | 120 |
| Lumber Mill | 1 | 120 | / | 0 |
| Keep | 1 | 320 | / | 210 |
| total: | 12 | 1140g | / | 330w |
| 0:08 | Peasant |
| 0:08 | Peasant |
| 0:08 | Peasant |
| 0:09 | Peasant |
| 0:44 | Blacksmith |
| 0:47 | Altar of Kings |
| 0:58 | Barracks |
| 1:04 | Farm |
| 1:05 | Farm |
| 1:06 | Farm |
| 1:08 | Farm |
| 1:09 | Farm |
| 1:09 | Farm |
| 1:40 | Lumber Mill |
| 2:01 | Rifleman |
| 2:03 | Peasant |
| 2:40 | Rifleman |
| 3:04 | Black Gunpowder |
| 3:07 | Thunder Clap |
| 3:38 | Rifleman |
| 3:57 | Rifleman |
| 4:40 | Storm Bolt |
| 4:43 | Rifleman |
| 5:40 | Thunder Clap |
| 6:43 | Keep |
| 6:44 | Rifleman |
| 6:44 | Rifleman |
| 6:45 | Studded Leather Armor |
| 6:53 | Improved Masonry |
| 6:58 | Scout Tower |
| 6:59 | Scout Tower |
| Right click | 307 |
| Select | 47 |
| Build/train/purchase | 27 |
| Resource trade | 4 |
| Misc. action | 3 |
| Assign group | 1 |
| Use ability | 1 |

| Rod of Necromancy | 1 | 150 |
| total: | 1 | 150g |
| Acolyte | 2 | 150 | / | 0 |
| Ghoul | 11 | 1320 | / | 0 |
| total: | 13 | 1470g | / | 0w |
| Crypt | 1 | 200 | / | 50 |
| Ziggurat | 4 | 600 | / | 200 |
| Altar of Darkness | 1 | 180 | / | 50 |
| Tomb of Relics | 1 | 130 | / | 30 |
| Graveyard | 1 | 215 | / | 0 |
| Halls of the Dead | 1 | 320 | / | 210 |
| Black Citadel | 1 | 325 | / | 230 |
| total: | 8 | 1325g | / | 330w |
| 0:04 | Acolyte |
| 0:04 | Acolyte |
| 0:08 | Crypt |
| 0:12 | Ziggurat |
| 0:34 | Altar of Darkness |
| 0:51 | Tomb of Relics |
| 1:12 | Ghoul |
| 1:23 | Ziggurat |
| 1:28 | Ghoul |
| 1:48 | Ghoul |
| 2:00 | Ghoul |
| 2:17 | Ziggurat |
| 2:19 | Ghoul |
| 2:37 | Rod of Necromancy |
| 2:46 | Frost Nova |
| 2:47 | Ghoul |
| 2:58 | Ghoul |
| 3:26 | Cannibalize |
| 3:27 | Halls of the Dead |
| 3:44 | Ghoul |
| 4:03 | Dark Ritual |
| 4:31 | Graveyard |
| 4:31 | Ghoul |
| 4:50 | Ghoul |
| 4:55 | Ziggurat |
| 5:11 | Frost Nova |
| 5:56 | Black Citadel |
| 5:57 | Ghoul |
| 6:00 | Web |
| Right click | 320 |
| Select group | 224 |
| Chat | 123 |
| Select | 103 |
| Assign group | 42 |
| Build/train/purchase | 34 |
| Use ability | 22 |
| Misc. action | 4 |
| Resource trade | 4 |
| Esc | 3 |
| Minimap ping | 2 |
| Remove unit | 1 |

| Rod of Necromancy | 2 | 300 |
| Ritual Dagger | 1 | 125 |
| Dust of Appearance | 1 | 75 |
| total: | 4 | 500g |
| Acolyte | 10 | 750 | / | 0 |
| Ghoul | 2 | 240 | / | 0 |
| Crypt Fiend | 5 | 1075 | / | 200 |
| total: | 17 | 2065g | / | 200w |
| Nerubian Tower | 1 | 100 | / | 20 |
| Crypt | 1 | 200 | / | 50 |
| Graveyard | 1 | 215 | / | 0 |
| Ziggurat | 4 | 600 | / | 200 |
| Altar of Darkness | 1 | 180 | / | 50 |
| Tomb of Relics | 1 | 130 | / | 30 |
| Necropolis | 3 | 675 | / | 0 |
| Halls of the Dead | 1 | 320 | / | 210 |
| total: | 11 | 2000g | / | 330w |
| 0:01 | Acolyte |
| 0:07 | Crypt |
| 0:10 | Graveyard |
| 0:26 | Ziggurat |
| 0:36 | Acolyte |
| 0:58 | Altar of Darkness |
| 1:11 | Ghoul |
| 1:23 | Ghoul |
| 1:38 | Ziggurat |
| 1:54 | Tomb of Relics |
| 2:14 | Crypt Fiend |
| 2:36 | Crypt Fiend |
| 3:00 | Rod of Necromancy |
| 3:00 | Dust of Appearance |
| 3:08 | Death Coil |
| 3:21 | Crypt Fiend |
| 3:56 | Acolyte |
| 4:04 | Nerubian Tower |
| 4:08 | Acolyte |
| 4:08 | Acolyte |
| 4:08 | Acolyte |
| 4:08 | Acolyte |
| 4:29 | Unholy Aura |
| 4:46 | Necropolis |
| 5:15 | Ritual Dagger |
| 5:15 | Rod of Necromancy |
| 5:28 | Acolyte |
| 5:28 | Acolyte |
| 5:28 | Acolyte |
| 5:36 | Ziggurat |
| 5:49 | Necropolis |
| 5:57 | Necropolis |
| 6:39 | Crypt Fiend |
| 6:39 | Crypt Fiend |
| 6:57 | Halls of the Dead |
| 7:03 | Ziggurat |
| Right click | 202 |
| Select | 108 |
| Select group | 63 |
| Build/train/purchase | 38 |
| Assign group | 17 |
| Misc. action | 8 |
| Use ability | 7 |
| Minimap ping | 1 |

| Wisp | 14 | 840 | / | 0 |
| Archer | 11 | 1430 | / | 110 |
| total: | 25 | 2270g | / | 110w |
| Ancient Protector | 1 | 135 | / | 80 |
| Altar of Elders | 1 | 180 | / | 50 |
| Moon Well | 3 | 540 | / | 120 |
| Ancient of War | 1 | 150 | / | 60 |
| Ancient of Wonders | 1 | 90 | / | 30 |
| Hunter's Hall | 1 | 210 | / | 100 |
| Ancient of Lore | 2 | 310 | / | 290 |
| Tree of Ages | 1 | 320 | / | 180 |
| total: | 10 | 1615g | / | 730w |
| 0:11 | Wisp |
| 0:11 | Wisp |
| 0:15 | Altar of Elders |
| 0:47 | Moon Well |
| 0:50 | Wisp |
| 0:56 | Ancient of War |
| 1:14 | Wisp |
| 1:15 | Wisp |
| 1:15 | Wisp |
| 1:58 | Archer |
| 1:58 | Archer |
| 2:02 | Moon Well |
| 2:07 | Wisp |
| 2:11 | Archer |
| 2:34 | Archer |
| 2:45 | Moon Well |
| 2:54 | Ancient of Wonders |
| 2:59 | Archer |
| 2:59 | Archer |
| 3:01 | Wisp |
| 3:01 | Wisp |
| 3:01 | Wisp |
| 3:02 | Wisp |
| 3:10 | Force of Nature |
| 3:54 | Hunter's Hall |
| 4:30 | Archer |
| 4:32 | Tree of Ages |
| 4:34 | Archer |
| 5:12 | Entangling Roots |
| 5:29 | Ancient Protector |
| 6:22 | Archer |
| 6:22 | Archer |
| 6:40 | Archer |
| 6:53 | Wisp |
| 6:53 | Wisp |
| 6:54 | Wisp |
| 7:01 | Ancient of Lore |
| 7:06 | Ancient of Lore |
| Right click | 139 |
| Select | 77 |
| Select group | 37 |
| Build/train/purchase | 33 |
| Use ability | 9 |
| Assign group | 6 |
| Minimap ping | 3 |
| Esc | 2 |
⇛